 Dungeon Crawl Stone Soup version 0.16.1-51-g6203257 (webtiles) character file.

100 spinkules the Chopper (level 4, -4/39 HPs)
             Began as a Minotaur Berserker on July 20, 2015.
             Was a Believer of Trog.
             Slain by Grinder (7 damage)
             ... while paralysed by Grinder
             ... on level 3 of the Dungeon.
             The game lasted 00:05:17 (2701 turns).

spinkules the Chopper (Minotaur Berserker)          Turns: 2701, Time: 00:05:17

Health: -4/39      AC:  2    Str: 23    XL:     4   Next: 47%
Magic:  2/2        EV:  2    Int:  4    God:    Trog [**....]
Gold:   138        SH:  0    Dex:  9    Spells: 0 memorised, 3 levels left

rFire  . . .     SeeInvis .     a - +0 hand axe
rCold  . . .     Clarity  .     b - +0 animal skin
rNeg   . . .     SustAb   .     (no shield)
rPois  .         Gourm    .     (helmet restricted)
rElec  .         Spirit   .     (no cloak)
rCorr  .         Warding  .     (no gloves)
rMut   .         Stasis   .     (no boots)
MR     .....                    (no amulet)
Stlth  +.........               (no ring)
                                f - ring of teleport control

@: paralysed, not resistant to hostile enchantments, very unstealthy
A: retaliatory headbutt, horns 2
a: Burn Spellbooks, Berserk, Trog's Hand, Renounce Religion, Evoke Teleport
Control


You were on level 3 of the Dungeon.
You worshipped Trog.
Trog was pleased with you.
You were not hungry.

You visited 1 branch of the dungeon, and saw 3 of its levels.

You collected 138 gold pieces.

Inventory:

Hand weapons
 a - a +0 hand axe (weapon)
 m - a +0 short sword
Armour
 b - a +0 animal skin (worn)
 q - a +0 scale mail
Jewellery
 f - a ring of teleport control (left hand)
Scrolls
 d - 2 scrolls of remove curse {unknown}
 e - 4 scrolls of identify {unknown}
 g - a scroll of teleportation {unknown}
 h - 2 scrolls of noise {unknown}
 k - 2 scrolls of enchant armour {unknown}
 l - a scroll of recharging {unknown}
Potions
 i - a potion of cure mutation {unknown}
 j - 5 potions of curing {unknown}
 p - a potion of brilliance {unknown}
Comestibles
 n - 2 meat rations
 o - 3 fruits


   Skills:
 - Level 3.6 Fighting
 + Level 6.2 Axes
 - Level 2.4 Armour
 - Level 2.1 Dodging
 * Level 0.6 Stealth


You had 3 spell levels left.
You didn't know any spells.

Dungeon Overview and Level Annotations

Branches:
Dungeon (3/15)

Altars:
Nemelex Xobeh
The Shining One

Annotations:
D:3 Grinder


Innate Abilities, Weirdness & Mutations

You reflexively headbutt those who attack you in melee.
You have a pair of horns on your head.


Message History

* * * LOW HITPOINT WARNING * * *
You writhe in agony.
* * * LOW HITPOINT WARNING * * *
Grinder hits you.
* * * LOW HITPOINT WARNING * * *
Grinder gestures at you.
You shrug off the repeated paralysis!
You can move again.
Use which ability? (? or * to list) You're too hungry to go berserk.
Eat which item? (? for menu, Esc to quit)
Grinder hits you.
* * * LOW HITPOINT WARNING * * *
You writhe in agony. x2
You continue eating.
Grinder gestures at you.
You suddenly lose the ability to move!
Grinder says, "I used to sell toenails on the black market."
Grinder hits you!
You die...

#########
###############5?.[<....
#..............@......#
#.#############.#####.#
#.# #.# #.# . #.# #.#
##... #.# #.###... ...
##.#... .. #.. ...#.#
##.## #.. ###..# .....
#...


You could see Grinder.

Vanquished Creatures
  4 adders
  2 worms (D:2)
  3 giant geckos
  8 bats
  5 giant cockroaches
  6 jackals (D:1)
  3 giant newts
  4 goblins (D:2)
  11 kobolds
  8 rats
54 creatures vanquished.

Notes
Turn   | Place    | Note
--------------------------------------------------------------
     0 | D:1      | spinkules, the Minotaur Berserker, began the quest for the Orb.
     0 | D:1      | Reached XP level 1. HP: 19/19 MP: 1/1
    17 | D:1      | Reached skill level 4 in Axes
   216 | D:1      | Reached XP level 2. HP: 26/26 MP: 1/1
   758 | D:1      | Acquired Trog's second power
  1065 | D:2      | Reached skill level 5 in Axes
  1111 | D:2      | HP: 1/26 [adder (3)]
  1112 | D:2      | Reached XP level 3. HP: 1/31 MP: 2/2
  1643 | D:2      | Found a sparkling altar of Nemelex Xobeh.
  1916 | D:2      | Reached XP level 4. HP: 39/39 MP: 2/2
  1983 | D:2      | Reached skill level 6 in Axes
  2648 | D:3      | Found a glowing golden altar of the Shining One.
  2677 | D:3      | Noticed Grinder
  2692 | D:3      | Paralysed by Grinder for 7 turns
  2700 | D:3      | Paralysed by Grinder for 5 turns
  2701 | D:3      | Slain by Grinder

Action                   |  1- 3 |  4- 6 || total
-------------------------+-------+-------++-------
Melee: Hand axe          |    95 |    36 ||   131
Invok: Trog's Hand       |     1 |       ||     1
 Stab: Sleeping          |       |     1 ||     1
  Eat: Chunk             |     2 |     2 ||     4
       Bread ration      |       |     1 ||     1
